 Dungeon Crawl Stone Soup version 0.27-a0-909-g0721f30 (webtiles) character file.

Game seed: 8088845152186075555

42 Nithhogg the Skirmisher (level 3, 0/29 HPs)
             Began as a Demonspawn Fighter on Apr 8, 2021.
             Killed by nerve-wracking pain
             ... invoked by Jessica
              (9 damage)
             ... on level 2 of the Dungeon.
             The game lasted 00:01:39 (1416 turns).

Nithhogg the Skirmisher (Demonspawn Fighter)        Turns: 1416, Time: 00:01:39

Health: 0/29       AC:  9    Str: 17    XL:     3   Next: 35%
Magic:  3/3        EV:  7    Int:  9    God:
Gold:   67         SH:  9    Dex: 12    Spells: 2/2 levels left

rFire    . . .     SeeInvis .   f - +0 dagger (venom)
rCold    . . .     Faith    .   c - +0 kite shield
rNeg     . . .     Spirit   .   b - +0 scale mail
rPois    .         Reflect  .   (helmet restricted)
rElec    .         Harm     .   j - scarf {shadows}
rCorr    .         Rampage  .   l - +2 pair of gloves
Will     .....                  (no boots)
Stlth    ..........             (no amulet)
HPRegen  0.09/turn              (no ring)
MPRegen  0.08/turn              (no ring)

@: no status effects
A: antennae 1
a: no special abilities


You were on level 2 of the Dungeon.
You visited 1 branch of the dungeon, and saw 2 of its levels.

You collected 67 gold pieces.

Inventory:

Hand Weapons
 a - a +0 long sword
 f - a +0 dagger of venom (weapon)
Armour
 b - a +0 scale mail (worn)
 c - a +0 kite shield (worn)
 j - a scarf of shadows (worn)
 l - a +2 pair of gloves (worn)
Scrolls
 i - a scroll of brand weapon {unknown}
Potions
 d - 2 potions of might
 e - a potion of brilliance {unknown}
 h - a potion of haste {unknown}
 k - a potion of invisibility {unknown}


   Skills:
 + Level 3.3 Fighting
 + Level 2.3 Long Blades
 + Level 3.1 Armour
 + Level 3.1 Shields


You had 2 spell levels left.
You didn't know any spells.
Your spell library contained the following spells:

 Spells                   Type           Power      Damage    Failure   Level
 Magic Dart               Conj           0%         1d3       99%         1
 Blink                    Tloc           N/A        N/A       100%        2
 Call Imp                 Summ           0%         N/A       100%        2
 Slow                     Hex            0%         N/A       100%        2
 Conjure Flame            Conj/Fire      0%         6-21      100%        3
 Mephitic Cloud           Conj/Pois/Air  0%         N/A       100%        3


Dungeon Overview and Level Annotations

Branches:
Dungeon (2/15)

Altars:
Uskayaw

Annotations:
D:2 Jessica


Innate Abilities, Weirdness & Mutations

You have a pair of small antennae on your head.


Message History

Jessica is lightly wounded.
Jessica closely misses you. You block Jessica's attack.
You barely miss Jessica.
Jessica is lightly wounded.
You block Jessica's attack. Jessica hits you but does no damage.
You barely miss Jessica.
Jessica is lightly wounded.
Jessica points at you and mumbles some strange words.
Pain shoots through your body! Jessica hits you with a +0 club.
* * * LOW HITPOINT WARNING * * *
Jessica completely misses you.
Jessica is nearby!
You are too injured to fight recklessly!
It was a potion of curing.
You feel better.
Jessica mumbles some strange words.
Jessica blinks!
Jessica casts a spell.
Jessica blinks!
Jessica hits you but does no damage.
Your shield prevents you from hitting Jessica.
Jessica is lightly wounded.
Jessica shouts, "You're disturbing me!
I'll have to kill you!" Jessica gestures at you while chanting.
Pain shoots through your body!
* * * LOW HITPOINT WARNING * * *
You block Jessica's attack.
You hit Jessica but do no damage.
Jessica is poisoned.
Jessica is lightly wounded.
Jessica barely misses you. You block Jessica's attack.
You feel better. You block Jessica's attack.
You closely miss Jessica.
Jessica is severely wounded.
Jessica casts a spell at you.
You barely resist. Jessica closely misses you.
You hit Jessica.
Jessica looks as sick as possible!
Jessica is almost dead.
Jessica barely misses you. Jessica casts a spell at you.
Pain shoots through your body!
You die...

##### #...# #...#
#...# ####...###
####### #...@....#
#.....#
#...@....######.....#
+........'...........
#........##.........#
#........##.........#
###########......####
#...†..# #......#
#........ ###)......


You could see Jessica (fast, extremely poisoned).

Vanquished Creatures
  An adder (D:2)
  3 bats
  4 endoplasms
  4 goblins (D:1)
  3 hobgoblins (D:1)
  2 jackals (D:1)
  4 ball pythons
  3 frilled lizards (D:1)
  3 kobolds (D:1)
  7 rats
34 creatures vanquished.

Notes
Turn   | Place    | Note
-------+----------+-------------------------------------------
     0 | D:1      | Nithhogg the Demonspawn Fighter began the quest for the
                  | Orb.
     0 | D:1      | Reached XP level 1. HP: 18/18 MP: 1/1
   166 | D:1      | Gained mutation: You have a pair of small antennae on your
                  | head. [demonic ancestry]
   166 | D:1      | Reached XP level 2. HP: 9/24 MP: 2/2
  1032 | D:2      | Reached XP level 3. HP: 25/29 MP: 3/3
  1176 | D:2      | Found a hide-covered altar of Uskayaw.
  1187 | D:2      | Found a faded altar of an unknown god.
  1393 | D:2      | Noticed Jessica
  1416 | D:2      | Killed from afar by Jessica

Illustrated notes

Levels and vault maps discovered:
D:1:      matt_arrival_refuge, layout_loops_ring
D:2:      layout_basic, basic_ecumenical_altar, basic_altar, uniq_jessica,
          uniq_natasha

Skill      XL: |  1  2 |
---------------+-------+-----
Long Blades    | 2 |  2.3
Armour         | 3 |  3.1
Shields        | 3 |  3.1
Fighting       | |  3.3

Action                   || total
-------------------------++-------
Melee: Dagger            ||    90
       Long sword        ||     9
  Use: Potion            ||     2
Armor: Scale mail        ||    30
Dodge: Dodged            ||    32
Block: Kite shield       ||    47
       Rpst.: Long sword ||     1

Table legend: (Time is in decaauts)
 A = Elapsed time spent in this place.
 B = Non-inter-level travel time spent in this place.
 C = Inter-level travel time spent in this place.
 D = Time resting spent in this place.
 E = Time spent auto-exploring this place.
 F = Levels seen in this place.
 G = Mean time per level.
                   A        B        C        D        E       F      G
               +--------+--------+--------+--------+--------+-----+--------+
         Total |   1436 |   1407 |     29 |      0 |   1149 |   2 |  718.0 |
       Dungeon |   1436 |   1407 |     29 |      0 |   1149 |   2 |  718.0 |
               +--------+--------+--------+--------+--------+-----+--------+

Top non-repeatable levels by time:
     D:1: 1022 daAuts
     D:2: 414 daAuts
